Map: Orbital Shipyard

Players

Grumm

  • Race: Zerg Zerg
  • League: Gold

Noraasha - Winner!

  • Race: Protoss Protoss
  • League: Gold

VOD

Have the link to the VOD?

Description

Time

  • Played on: Jan. 13, 2016, 2:18 a.m.
  • Length: 8:44
Show
View Real Time Build Order
Export as new Build Order

Grumm Zerg 

Build Orders: Hatch First 

Get SALT Encoding   

  12  0:29  Drone  
  13  0:52  Hatchery  
  12  0:58  Spawning Pool  
  12  1:00  Drone x2  
  13  1:38  Hatchery  
  12  1:41  Extractor  
  12  1:44  Extractor  
  10  1:51  Drone x3  
  13  2:01  Spine Crawler  
  13  2:06  Zergling x2  
  12  2:50  Zergling x2, Queen  
  15  2:59  Drone x3  
  18  3:19  Zergling x2  
  19  3:20  Zergling x2  
  19  3:22  Spine Crawler  
  19  3:33  Queen  
  20  3:47  Overlord  
  19  4:11  Zergling x2  
  19  4:12  Zergling x10  
  19  4:16  Queen  
  27  4:42  Overlord x2  
  27  5:00  Queen  
  28  5:26  Zergling x2  
  28  5:27  Zergling x10  
  31  5:40  Zergling x2  
  31  5:41  Zergling x2  
  28  5:52  Queen x2  
  28  6:06  Zergling x6  
  31  6:26  Drone  
  31  6:27  Drone x3  
  35  7:00  Zergling x10  
  40  7:07  Overlord  
  40  7:21  Metabolic Boost  
  40  7:22  Lair  
  33  7:44  Queen  
  26  8:03  Zergling x10  
  26  8:04  Zergling x2  
  26  8:15  Drone  
  26  8:16  Drone x3  
Show
View Real Time Build Order
Export as new Build Order

Noraasha Protoss - Winner!

Build Orders: Double Forge 

Get SALT Encoding   

  12  0:01  Probe (Chrono Boost)  
  13  0:12  Probe (Chrono Boost)  
  14  0:21  Pylon  
  14  0:25  Probe (Chrono Boost)  
  15  0:39  Probe (Chrono Boost)  
  15  0:41  Gateway  
  16  0:45  Assimilator  
  17  0:50  Probe (Chrono Boost)  
  16  1:28  Zealot (Chrono Boost)  
  16  1:31  Probe (Chrono Boost)  
  19  1:41  Probe (Chrono Boost)  
  19  1:42  Gateway  
  20  1:47  Cybernetics Core  
  20  1:53  Probe  
  21  2:01  Zealot (Chrono Boost)  
  23  2:13  Pylon  
  23  2:25  Pylon  
  23  2:27  Warp Gate (Chrono Boost)  
  23  2:31  Probe  
  23  2:32  Zealot (Chrono Boost)  
  26  2:45  Gateway  
  28  2:52  Probe, Zealot (Chrono Boost)  
  29  3:21  Zealot (Chrono Boost)  
  29  3:22  Zealot (Chrono Boost)  
  29  3:26  Gateway  
  31  3:47  Zealot  
  31  3:48  Zealot  
  33  3:49  Stalker  
  35  4:01  Nexus  
  33  4:14  Zealot  
  35  4:33  Forge  
  35  4:35  Forge  
  35  4:38  Probe  
  35  4:41  Zealot  
  38  4:47  Pylon  
  38  4:50  Probe  
  39  5:06  Stalker x2  
  43  5:12  Assimilator  
  41  5:24  Twilight Council  
  41  5:25  Protoss Ground Armor Level 1 (Chrono Boost)  
  39  5:29  Probe  
  39  5:31  Probe  
  39  5:51  Zealot x2  
  39  5:52  Zealot  
  39  5:54  Stalker  
  37  6:04  Gateway  
  37  6:08  Probe  
  37  6:09  Probe  
  39  6:16  Assimilator  
  39  6:18  Probe  
  39  6:21  Probe  
  39  6:24  Stalker  
  43  6:26  Stalker  
  43  6:32  Zealot  
  47  6:36  Protoss Ground Weapons Level 1 (Chrono Boost)  
  47  6:57  Stalker  
  47  6:58  Zealot x2  
  53  7:03  Pylon  
  54  7:08  Probe  
  54  7:13  Pylon  
  54  7:21  Probe, Adept  
  57  7:28  Zealot  
  59  7:31  Stalker  
  59  7:53  Zealot x2  
  59  7:54  Stalker  
  59  8:08  Zealot  
Tags
 
Add a new tag
Caveats
  • Supply blocks, unpowered buildings, or Contaminate may cause inaccurate times.
  • Supply counts are checked every 10 seconds.